 Dungeon Crawl Stone Soup version 0.24.1-5-g77f818bfca (webtiles) character file.

Game seed: 13784298048806446359, levelgen mode: deterministic

9359 nicanaca0 the Severer (level 11, 0/99 HPs)
             Began as a Minotaur Berserker on Apr 22, 2020.
             Was a High Priest of Trog.
             Killed from afar by Erica (22 damage)
             ... with a bolt of poison
             ... on level 9 of the Dungeon on Apr 23, 2020.
             The game lasted 00:42:26 (11422 turns).

nicanaca0 the Severer (Minotaur Berserker)         Turns: 11422, Time: 00:42:27

Health: 0/99       AC: 15    Str: 20    XL:     11   Next: 22%
Magic:  10/10      EV:  8    Int:  7    God:    Trog [*****.]
Gold:   422        SH:  0    Dex: 10    Spells: 10/10 levels left

rFire    . . .     SeeInvis .   d - +4 battleaxe (curse)
rCold    . . .     Gourm    .   (shield currently unavailable)
rNeg     . . .     Faith    .   Q - +0 chain mail
rPois    .         Spirit   .   (helmet restricted)
rElec    .         Reflect  .   H - +0 cloak
rCorr    .         Harm     .   S - +0 pair of gloves
MR       +++..                  W - +0 pair of boots
Stlth    ..........             (no amulet)
HPRegen  1.26/turn              I - ring of stealth {Stlth+}
MPRegen  0.12/turn              P - ring of protection from magic {MR+, !d}

@: lethally poisoned (0 -> -1), regenerating
A: retaliatory headbutt, horns 2, mutation resistance 1, weak 1
a: Berserk, Trog's Hand, Brothers in Arms, Renounce Religion


You were on level 9 of the Dungeon.
You worshipped Trog.
Trog was extremely pleased with you.
You were hungry.

You visited 1 branch of the dungeon, and saw 9 of its levels.
You also visited: Sewer.

You collected 534 gold pieces.
You spent 112 gold pieces at shops.

Inventory:

Hand Weapons
 a - a +2 hand axe of venom
   (You found it on level 8 of the Dungeon)
 b - a +0 broad axe
   (You found it in a sewer)
 d - a cursed +4 battleaxe (weapon)
   (You took it off a wight on level 8 of the Dungeon)
 M - a +0 dagger of flaming
   (You took it off a big kobold on level 9 of the Dungeon)
Missiles
 g - 89 stones
 n - 5 datura-tipped darts
 s - 45 poisoned darts (quivered)
 F - 10 boomerangs
Armour
 A - +0 ice dragon scales
   (You found it on level 7 of the Dungeon)
 D - a +0 troll leather armour {regen}
   (You found it on level 8 of the Dungeon)
 E - a cursed -1 scale mail
   (You found it on level 5 of the Dungeon)
 H - a +0 cloak (worn)
   (You found it on level 9 of the Dungeon)
 Q - a +0 chain mail (worn)
   (You found it on level 1 of the Dungeon)
 S - a +0 pair of gloves (worn)
   (You found it on level 7 of the Dungeon)
 W - a +0 pair of boots (worn)
   (You found it on level 1 of the Dungeon)
Jewellery
 I - a ring of stealth (left hand) {Stlth+}
   (You found it on level 1 of the Dungeon)
 O - an uncursed ring of resist corrosion
   (You found it on level 1 of the Dungeon)
 P - a ring of protection from magic (right hand) {MR+, !d}
   (You took it off an orc on level 9 of the Dungeon)
Wands
 B - a wand of flame (19)
   (You found it on level 7 of the Dungeon)
 C - a wand of digging (2)
   (You took it off Natasha on level 3 of the Dungeon)
 V - a wand of polymorph (8)
   (You found it on level 3 of the Dungeon)
Scrolls
 c - 2 scrolls of enchant weapon
 l - 3 scrolls of amnesia
 p - 2 scrolls of immolation {unknown}
 q - 2 scrolls of magic mapping {!r}
 r - a scroll of enchant armour {unknown}
 t - 3 scrolls of remove curse {unknown}
 u - 2 scrolls of noise {unknown}
 x - a scroll of random uselessness {unknown}
 G - 4 scrolls of fog
 J - a scroll of fear
 K - 3 scrolls of blinking {unknown}
 L - a scroll of silence {unknown}
Potions
 f - a potion of invisibility {unknown}
 h - 3 potions of might {unknown}
 i - 4 potions of lignification {!q}
 j - 4 potions of brilliance
 k - 3 potions of degeneration {unknown}
 m - 5 potions of magic {unknown}
 o - 4 potions of flight
 v - a potion of haste {@q3}
 y - a potion of mutation {!q}
 z - 6 potions of heal wounds
Comestibles
 e - 4 chunks of flesh {@e0}
 w - 19 rations


   Skills:
 - Level 9.9 Fighting
 * Level 16.3 Axes
 + Level 8.5 Armour
 - Level 2.1 Dodging


You had 10 spell levels left.
You didn't know any spells.
Your spell library was empty.

Dungeon Overview and Level Annotations

Branches:
Dungeon (9/15)             Temple (0/1) D:4            Lair (0/6) D:8
    Orc (0/2) D:9           Sewer (visited)

Altars:
Nemelex Xobeh
The Shining One
Beogh

Shops:
D:8 !

Annotations:
D:9 Erica


Innate Abilities, Weirdness & Mutations

You reflexively headbutt those who attack you in melee.
You have a pair of horns on your head.
You are somewhat resistant to further mutation.
You are weak. (Str -2)


Message History

e - 3 chunks of flesh {@e0} (gained 1)
Things that are here:
a jackal skeleton x2
Things that are here:
a jackal skeleton x2
You butcher the jackal corpse.
e - 4 chunks of flesh {@e0} (gained 1)
You see here a jackal skeleton. x2
You see here a bullfrog skeleton.
z - 6 potions of heal wounds (gained 1) Erolcha the Cunning comes into view.
She is wielding a +4 giant spiked club.
Erolcha shouts!
Here: Erolcha, wielding a +4 giant spiked club and wearing a +0 robe The floor.
Erolcha is nearby!
Throwing (i - inventory. (/) - cycle)
s - 50 poisoned darts (quivered)
Aim: Erolcha, wielding a +4 giant spiked club and wearing a +0 robe You throw a poisoned dart.
The poisoned dart barely misses Erolcha.
Throwing (i - inventory. (/) - cycle)
s - 49 poisoned darts (quivered)
Aim: Erolcha, wielding a +4 giant spiked club and wearing a +0 robe You throw a poisoned dart.
The poisoned dart hits Erolcha.
Throwing (i - inventory. (/) - cycle)
s - 48 poisoned darts (quivered)
Aim: Erolcha, wielding a +4 giant spiked club and wearing a +0 robe You throw a poisoned dart.
The poisoned dart hits Erolcha.
Erolcha is poisoned.
Throwing (i - inventory. (/) - cycle)
s - 47 poisoned darts (quivered)
Aim: Erolcha, wielding a +4 giant spiked club and wearing a +0 robe (poisoned)
You throw a poisoned dart. The poisoned dart hits Erolcha.
A hound comes into view.
Throwing (i - inventory. (/) - cycle)
s - 46 poisoned darts (quivered)
Aim: Erolcha, wielding a +4 giant spiked club and wearing a +0 robe (lightly wounded, poisoned)
You throw a poisoned dart. The poisoned dart hits Erolcha.
The hound barks!
You slash Erolcha! Erolcha gestures at you while chanting.
You resist with almost no effort.
You slash Erolcha! You headbutt Erolcha, but do no damage.
Erolcha gestures at you while chanting.
You suddenly lose the ability to move!
Erolcha hits you with a +4 giant spiked club.
Erica the Fiery-Tempered comes into view.
She is wielding a +4 scimitar of flaming and wearing a +2 robe of resistance.
Erica shouts!
The hound bites you but does no damage.
Erolcha hits you with a +4 giant spiked club!!
The hound bites you but does no damage. The hound bites you.
Erolcha hits you with a +4 giant spiked club!
Erica mumbles some strange words.
Erica flickers and vanishes!
Deactivating autopickup; reactivate with Ctrl-A.
The hound bites you but does no damage. The hound bites you.
Erolcha hits you with a +4 giant spiked club!
You can move again.
Your skin crawls.
You feel resistant to hostile enchantments.
You are feeling hungry.
Erolcha looks more healthy.
The hound bites you. The hound barely misses you.
You barely miss Erolcha. Your headbutt misses Erolcha. You slice the hound!!
You kill the hound!
Trog accepts your kill. Something appears at your feet!
Trog grants you a weapon!
Your life force feels restored.
Erolcha drinks a potion.
Erolcha seems to speed up.
Your chain mail prevents you from hitting Erolcha.
Erolcha hits you with a +4 giant spiked club!
Unknown command.
You slice Erolcha!!
You kill Erolcha!
Trog accepts your kill.
Trog appreciates your killing of a magic user.
Something hits you but does no damage.
Things that are here:
a +4 giant spiked club; a +0 robe; the ogre corpse of Erolcha You barely miss something.
Your headbutt misses something. Something hits you but does no damage.
You barely miss something. Your headbutt misses something. Something hits you.
Something burns you.
You miss something. You closely miss something. Something hits you.
* * * LOW HITPOINT WARNING * * *
Something burns you.
* * * LOW HITPOINT WARNING * * *
You hit something but do no damage. You headbutt something! Something hits you!
* * * LOW HITPOINT WARNING * * *
Something burns you.
* * * LOW HITPOINT WARNING * * *
You miss something. Something hits you.
* * * LOW HITPOINT WARNING * * *
Something burns you.
* * * LOW HITPOINT WARNING * * *
You completely miss something. You headbutt something!
You closely miss something. You headbutt something.
You hear some strange, mumbled words.
A bolt of poison appears from out of thin air!
The bolt of poison hits you!!
You are poisoned.
You die...

.... ..(.#
##...# #...(.
.....(# ####
.....(. ##..#
.......## ##..##
......{H###...#
.......)#....##
............##
............##
...(.......###
...........#
...........#
...........##
............####


There were no monsters in sight!

Vanquished Creatures
  Erolcha (D:9)
  Pikel (D:6)
  5 gargoyles (D:7)
  A troll (D:8)
  Prince Ribbit (D:6)
  Sigmund (D:5)
  4 hogs (D:7)
  A human (D:7)
  Menkaure (D:6)
  Edmund (D:4)
  2 water moccasins
  Duvessa (D:4)
  2 orc warriors (D:9)
  An ice beast (D:6)
  5 phantoms
  3 slaves (D:6)
  3 sky beasts
  3 centaurs (D:7)
  2 wolves (D:8)
  3 ogres
  A big kobold (D:9)
  4 bullfrogs
  Blork the orc (D:6)
  Dowan (D:4)
  3 scorpions
  9 killer bees
  An electric eel (D:8)
  8 wights
  4 howler monkeys
  5 crimson imps
  2 bullfrog zombies
  A quasit (D:5)
  7 hounds
  3 orc priests (D:9)
  A bullfrog skeleton (D:4)
  11 orc wizards
  Ijyb (D:4)
  Jessica (D:2)
  Natasha (thrice) (D:3)
  5 iguanas
  7 worker ants
  A hound skeleton (D:6)
  A hound zombie (D:5)
  2 worker ant zombies
  4 gnolls
  15 adders
  A howler monkey skeleton (D:7)
  5 river rats (Sewer)
  A shadow imp (D:7)
  5 oozes
  An adder zombie (D:6)
  3 adder skeletons
  4 worms
  A dart slug (D:1)
  5 leopard geckos
  33 orcs
  11 ball pythons (Sewer)
  4 bats
  3 giant cockroaches
  5 goblins
  7 hobgoblins
  12 jackals
  2 quokkas
  5 frilled lizards
  13 kobolds
  A leopard gecko skeleton (D:3)
  26 rats
292 creatures vanquished.

Vanquished Creatures (others)
  A slave (D:6)
  2 wights (D:6)
3 creatures vanquished.

Grand Total: 295 creatures vanquished

Notes
Turn   | Place    | Note
-------+----------+-------------------------------------------
     0 | D:1      | nicanaca0 the Minotaur Berserker began the quest for the
                  | Orb.
     0 | D:1      | Reached XP level 1. HP: 19/19 MP: 0/0
   107 | D:1      | Reached skill level 4 in Axes
   142 | D:1      | Reached XP level 2. HP: 26/26 MP: 1/1
   640 | D:1      | Reached skill level 5 in Axes
   640 | D:1      | Reached XP level 3. HP: 31/31 MP: 2/2
   788 | D:2      | Found a faded altar of an unknown god.
   895 | D:2      | Noticed Jessica
   897 | D:2      | Killed Jessica
   897 | D:2      | Reached skill level 6 in Axes
   897 | D:2      | Reached XP level 4. HP: 39/39 MP: 3/3
   927 | D:2      | Gained mutation: You are weak. (Str -2) [potion of
                  | mutation]
   927 | D:2      | Gained mutation: You are somewhat resistant to further
                  | mutation. [potion of mutation]
  1120 | D:2      | Found a sparkling altar of Nemelex Xobeh.
  1129 | D:2      | Reached ** piety under Trog
  1391 | D:3      | Noticed Natasha
  1400 | D:3      | Killed Natasha
  1434 | D:3      | Noticed Natasha
  1463 | D:3      | Killed Natasha
  1463 | D:3      | Reached XP level 5. HP: 45/45 MP: 4/4
  1487 | D:3      | Reached skill level 7 in Axes
  1490 | D:3      | Noticed Natasha
  1648 | D:3      | Killed Natasha
  1911 | D:3      | Reached skill level 8 in Axes
  2034 | D:3      | Reached XP level 6. HP: 32/51 MP: 5/5
  2620 | D:4      | Reached skill level 9 in Axes
  2792 | D:4      | Noticed Edmund
  2794 | D:4      | Reached *** piety under Trog
  2794 | D:4      | Reached XP level 7. HP: 52/58 MP: 6/6
  2800 | D:4      | Reached skill level 4 in Fighting
  2807 | D:4      | Killed Edmund
  2807 | D:4      | Reached skill level 10 in Axes
  2961 | D:4      | Noticed Ijyb
  2966 | D:4      | Noticed Duvessa
  2972 | D:4      | Noticed Dowan
  2974 | D:4      | Killed Ijyb
  2978 | D:4      | Killed Duvessa
  2987 | D:4      | Killed Dowan
  2987 | D:4      | Reached skill level 5 in Fighting
  3056 | D:4      | Found a staircase to the Ecumenical Temple.
  3410 | D:4      | Reached XP level 8. HP: 64/68 MP: 7/7
  3446 | D:4      | Reached skill level 3 in Armour
  3609 | D:5      | Entered Level 5 of the Dungeon
  3702 | D:5      | Reached skill level 11 in Axes
  3852 | D:5      | Noticed Sigmund
  3863 | D:5      | Killed Sigmund
  3863 | D:5      | Reached skill level 6 in Fighting
  3893 | D:5      | Reached skill level 4 in Armour
  4154 | D:5      | Found a glowing drain.
  4182 | Sewer    | Entered a sewer
  4299 | Sewer    | Reached **** piety under Trog
  4674 | D:5      | Reached skill level 12 in Axes
  4784 | D:5      | Reached skill level 5 in Armour
  4983 | D:5      | Reached XP level 9. HP: 77/78 MP: 8/8
  5252 | D:6      | Noticed Pikel
  5270 | D:6      | Killed Pikel
  5270 | D:6      | Reached skill level 7 in Fighting
  5626 | D:6      | Noticed Menkaure
  5654 | D:6      | Reached skill level 6 in Armour
  5822 | D:6      | Killed Menkaure
  5822 | D:6      | Reached skill level 13 in Axes
  6136 | D:6      | Noticed Prince Ribbit
  6163 | D:6      | Killed Prince Ribbit
  6163 | D:6      | Reached skill level 8 in Fighting
  6340 | D:6      | Noticed Blork the orc
  6362 | D:6      | HP: 19/81 [Blork the orc/+4 trident of venom (9)]
  6369 | D:6      | Killed Blork the orc
  7033 | D:7      | Noticed a gargoyle
  7039 | D:7      | HP: 19/82 [gargoyle/+0 flail (15)]
  7040 | D:7      | Killed a gargoyle
  7316 | D:7      | Noticed a gargoyle
  7337 | D:7      | Killed a gargoyle
  7337 | D:7      | Reached XP level 10. HP: 45/90 MP: 9/9
  7535 | D:7      | Noticed a gargoyle
  7543 | D:7      | Noticed a gargoyle
  7545 | D:7      | HP: 32/135 [gargoyle/+1 flail of protection (5)]
  7546 | D:7      | HP: 9/135 [gargoyle/+1 flail of protection (7)]
  7548 | D:7      | Killed a gargoyle
  7548 | D:7      | Reached skill level 14 in Axes
  7549 | D:7      | HP: 2/135 [gargoyle/+0 mace (9)]
  7552 | D:7      | Killed a gargoyle
  7552 | D:7      | Reached skill level 9 in Fighting
  7849 | D:7      | Noticed a gargoyle
  7856 | D:7      | Killed a gargoyle
  8647 | D:7      | Reached skill level 15 in Axes
  9108 | D:8      | Found Misixkeh's Distillery.
  9122 | D:8      | Bought a potion of lignification for 42 gold pieces
  9122 | D:8      | Bought a potion of heal wounds for 70 gold pieces
  9271 | D:8      | Reached skill level 7 in Armour
  9543 | D:8      | Reached ***** piety under Trog
  9709 | D:8      | Found a staircase to the Lair.
 10117 | D:8      | Found a glowing golden altar of the Shining One.
 10485 | D:9      | Found a staircase to the Orcish Mines.
 10486 | D:9      | Found a roughly hewn altar of Beogh.
 10516 | D:9      | Reached XP level 11. HP: 40/99 MP: 10/10
 10916 | D:9      | Reached skill level 8 in Armour
 11076 | D:9      | Reached skill level 16 in Axes
 11397 | D:9      | Noticed Erolcha
 11404 | D:9      | Paralysed by Erolcha for 5 turns
 11405 | D:9      | Noticed Erica
 11411 | D:9      | Received a gift from Trog
 11413 | D:9      | Killed Erolcha
 11420 | D:9      | HP: 22/99 [something (6)]
 11422 | D:9      | Killed from afar by Erica

Levels and vault maps discovered:
D:1:      dpeg_arrival_pits, layout_loops_ring
D:2:      layout_basic, nicolae_overflow_crystal_walls,
          chequers_ecumenical_altar_simple, uniq_jessica
D:3:      layout_rooms, serial_bayou_ford_a, hangedman_feature_mirror,
          uniq_natasha
D:4:      layout_rooms, minmay_temple_entry_junction, hangedman_decor_growths,
          kennysheep_generic_room_6, uniq_duvessa, uniq_edmund, uniq_ijyb
D:5:      layout_basic, first_ration, cheibrodos_sewer_entry_bend, uniq_sigmund
D:6:      layout_basic, uniq_pikel, uniq_prince_ribbit1, uniq_blork_the_orc,
          uniq_menkaure
D:7:      cheibrodos_statue_roulette, layout_gridville, grunt_livestock
D:8:      minmay_flawed_box, layout_basic, erik_lair_island, serial_shops, shop,
          nicolae_tso_carved_into_rock
D:9:      layout_cave_pods, david_orc_5, uniq_erica, uniq_erolcha

Skill      XL: |  1  2  3  4  5  6  7  8  9 10 11 |
---------------+----------------------------------+-----
Axes           | 4 5 6 8 9 10 12 13 15 16 | 16.3
Fighting       | 5 6 8 9 |  9.9
Armour         | 5 6 7 8 |  8.5
Dodging        | |  2.1

Action                   |  1- 3 |  4- 6 |  7- 9 | 10-12 || total
-------------------------+-------+-------+-------+-------++-------
Melee: Hand axe          |    46 |   131 |       |       ||   177
       Headbutt          |     5 |    22 |    48 |    47 ||   122
       War axe           |       |    17 |   206 |       ||   223
       Broad axe         |       |       |   124 |   119 ||   243
       Battleaxe         |       |       |       |   135 ||   135
Throw: Stone             |       |     6 |       |       ||     6
       Dart              |       |     4 |    14 |     5 ||    23
       Throwing net      |       |       |     1 |       ||     1
Invok: Berserk           |     1 |     1 |     3 |     2 ||     7
       Trog's Hand       |       |       |     2 |     5 ||     7
Evoke: Wand              |       |       |     3 |       ||     3
  Use: Scroll            |       |     4 |    11 |     2 ||    17
       Potion            |       |     1 |     4 |       ||     5
  Eat: Chunk             |       |     8 |     8 |    13 ||    29
       Ration            |       |       |     3 |     1 ||     4
Armor: Animal skin       |     5 |       |       |       ||     5
       Chain mail        |    21 |    71 |   204 |   151 ||   447
Dodge: Dodged            |    24 |    48 |   163 |   109 ||   344

Levels and vault maps discovered:
D:1:      dpeg_arrival_pits, layout_loops_ring
D:2:      layout_basic, nicolae_overflow_crystal_walls,
          chequers_ecumenical_altar_simple, uniq_jessica
D:3:      layout_rooms, serial_bayou_ford_a, hangedman_feature_mirror,
          uniq_natasha
D:4:      layout_rooms, minmay_temple_entry_junction, hangedman_decor_growths,
          kennysheep_generic_room_6, uniq_duvessa, uniq_edmund, uniq_ijyb
D:5:      layout_basic, first_ration, cheibrodos_sewer_entry_bend, uniq_sigmund
D:6:      layout_basic, uniq_pikel, uniq_prince_ribbit1, uniq_blork_the_orc,
          uniq_menkaure
D:7:      cheibrodos_statue_roulette, layout_gridville, grunt_livestock
D:8:      minmay_flawed_box, layout_basic, erik_lair_island, serial_shops, shop,
          nicolae_tso_carved_into_rock
D:9:      layout_cave_pods, david_orc_5, uniq_erica, uniq_erolcha

Table legend:
 A = Turns spent in this place as a percentage of turns spent in the entire game.
 B = Non-inter-level travel turns spent in this place as a percentage of non-inter-level travel turns spent in the entire game.
 C = Inter-level travel turns spent in this place as a percentage of turns spent in this place.
 D = Turns resting spent in this place as a percentage of non-inter-level travel turns spent in this place.
 E = Turns spent auto-exploring this place as a percentage of non-inter-level travel turns spent in this place.
 F = Non-inter-level travel turns spent in this place divided by the number of levels of this place that you've seen.
                   A       B       C       D       E      F
               +-------+-------+-------+-------+-------+----------------------
         Total | 100.0 | 100.0 |   2.3 |  18.6 |  60.8 | 1115.4
       Dungeon |  96.6 |  96.5 |   2.4 |  19.3 |  60.7 | 1196.2
         Sewer |   3.4 |   3.5 |   0.0 |   0.0 |  64.4 | 388.0
               +-------+-------+-------+-------+-------+----------------------

Table legend:
 A = Kills in this place as a percentage of kills in entire the game.
 B = Kills by you in this place as a percentage of kills by you in the entire game.
 C = Kills by friends in this place as a percentage of kills by friends in the entire game.
 D = Other kills in this place as a percentage of other kills in the entire game.
 E = Experience gained in this place as a percentage of experience gained in the entire game.
 F = Experience gained in this place divided by the number of levels of this place that you have seen.
                   A       B       C       D       E      F
               +-------+-------+-------+-------+-------+----------------------
         Total | 100.0 | 100.0 |   N/A |   N/A | 100.0 | 1337.0
       Dungeon |  83.4 |  83.4 |   N/A |   N/A |  97.3 | 1446.1
         Sewer |  16.6 |  16.6 |   N/A |   N/A |   2.7 | 355.0
               +-------+-------+-------+-------+-------+----------------------
